 Dungeon Crawl Stone Soup version 0.29-a0-474-gdfe5cd140f (webtiles) character file.

Game seed: 5006864801847210301

42427 siradein the Fighter (level 13, 0/106 HPs)
             Began as a Demonspawn Fighter on May 24, 2022.
             Was a High Priest of Kikubaaqudgha.
             Slain by a death yak (21 damage)
             ... on level 5 of the Lair of Beasts.
             The game lasted 01:30:59 (21161 turns).

siradein the Fighter (Demonspawn Fighter)          Turns: 21161, Time: 01:30:59

Health: 0/106      AC: 15    Str: 22    XL:     13   Next: 85%
Magic:  21/42      EV: 10    Int: 23    God:    Kikubaaqudgha [*****.]
Gold:   1809       SH:  6    Dex: 11    Spells: 2/26 levels left

rFire   . . .      SeeInvis .   j - +6 eveningstar "Lifebane" {drain, Will+}
rCold   + + +      Faith    .   c - +0 buckler
rNeg    . . .      Spirit   .   P - +2 troll leather armour
rPois   .          Reflect  .   g - +3 hat of Pondering {ponderous, Will+ MP+10 Int+5}
rElec   .          Harm     .   O - +0 cloak of Privacy {Rampage rC+++ Dex-3 Stlth+}
rCorr   .          Rampage  +   z - +2 pair of gloves
Will    ++...                   (no boots)
Stlth   ++........              T - amulet of regeneration
HPRegen 1.87/turn               y - ring of magical power
MPRegen 0.28/turn               b - +6 ring of strength

@: animating dead, slow
A: hooves 2, spiny 1, big brain 2, demonic magic 2
a: Renounce Religion, Unearth Wretches, Torment


You were on level 5 of the Lair of Beasts.
You worshipped Kikubaaqudgha.
Kikubaaqudgha was extremely pleased with you.
You visited 3 branches of the dungeon, and saw 17 of its levels.
You also visited: Sewer and Bailey.

You collected 1809 gold pieces.

Inventory:

Hand Weapons
 j - the +6 eveningstar "Lifebane" (weapon) {drain, Will+}
   (You acquired it on level 4 of the Lair of Beasts)

   A truly terrible weapon, it drains the life of any living foe it strikes.
   Will:      It increases your willpower.
Missiles
 q - 8 atropa-tipped darts
 r - 25 poisoned darts
Armour
 c - a +0 buckler (worn)
 g - the +3 hat of Pondering (worn) {ponderous, Will+ MP+10 Int+5}
   (You took it off Gastronok on level 2 of the Lair of Beasts)

   Int:       It affects your intelligence (+5).
   MP:        It affects your magic capacity (+10).
   Will:      It increases your willpower.
 z - a +2 pair of gloves (worn)
 L - the +4 robe of Augmentation {Str+4 Int+4 Dex+4}
   (You took it off an orc on level 8 of the Dungeon)

   Str:       It affects your strength (+4).
   Int:       It affects your intelligence (+4).
   Dex:       It affects your dexterity (+4).
 O - the +0 cloak of Privacy (worn) {Rampage rC+++ Dex-3 Stlth+}
   (You found it in a bailey)

   Dex:       It affects your dexterity (-3).
   rC:        It renders you almost immune to cold.
   Rampage:   It bestows one free step when moving towards enemies.
   Stlth:     It makes you more stealthy.
 P - a +2 troll leather armour (worn)
Jewellery
 b - a +6 ring of strength (right hand)
 f - an amulet of the acrobat
 y - a ring of magical power (left hand)
 I - a ring of see invisible
 N - a ring of flight
 R - a +6 ring of dexterity
 S - a ring of fire
 T - an amulet of regeneration (around neck)
 W - an amulet of faith
Wands
 a - a wand of charming (15)
 l - a wand of acid (8)
 F - a wand of paralysis (10)
 Q - a wand of digging (1)
 U - a wand of polymorph (7)
Scrolls
 h - 3 scrolls of immolation
 i - 10 scrolls of teleportation
 n - 5 scrolls of poison
 o - 5 scrolls of amnesia
 s - 3 scrolls of summoning {unknown}
 t - 2 scrolls of vulnerability {unknown}
 u - 4 scrolls of fog
 D - a scroll of torment {unknown}
Potions
 d - 5 potions of might
 e - a potion of cancellation
 p - 4 potions of curing
 v - 5 potions of ambrosia
 w - 3 potions of haste
 x - a potion of brilliance
 A - 5 potions of heal wounds
 B - 2 potions of lignification
 C - a potion of berserk rage {unknown}
 G - a potion of flight {unknown}
 J - 3 potions of invisibility
 M - 3 potions of mutation {unknown}
Miscellaneous
 K - a phantom mirror


   Skills:
 + Level 11.3 Fighting
 + Level 10.0 Maces & Flails
 + Level 10.3 Armour
 + Level 10.3 Shields
 + Level 7.2 Spellcasting
 + Level 10.0 Necromancy


You had 2 spell levels left.
You knew the following spells:

 Your Spells              Type           Power      Damage    Failure   Level
a - Passwall              Tmut/Erth      6%         N/A       16%         2
b - Vampiric Draining     Necr           53%        2d9       1%          3
c - Animate Dead          Necr           53%        N/A       1%          4
d - Dispel Undead         Necr           53%        3d19      1%          4
e - Borgnjor's Vile Clut  Necr/Erth      15%        N/A       36%         5
f - Simulacrum            Ice/Necr       15%        N/A       90%         6

Your spell library contained the following spells:

 Spells                   Type           Power      Damage    Failure   Level
 Necrotize                Necr           100%       1d9       1%          1
 Sublimation of Blood     Necr           53%        N/A       1%          2
 Sandblast                Erth           16%        2d6       11%         1
 Blink                    Tloc           16%        N/A       16%         2
 Poisonous Vapours        Pois/Air       16%        N/A       16%         2
 Scorch                   Fire           16%        2d6       16%         2
 Wereblood                Tmut           8%         N/A       16%         2
 Agony                    Necr           53%        N/A       4%          5
 Anguish                  Hex/Necr       15%        N/A       13%         4
 Corpse Rot               Necr/Pois/Air  23%        N/A       26%         4
 Gell's Gravitas          Tloc           8%         N/A       30%         3
 Ozocubu's Armour         Ice            8%         N/A       30%         3
 Stone Arrow              Conj/Erth      16%        3d8       30%         3
 Teleport Other           Tloc           8%         N/A       30%         3
 Flame Wave               Conj/Fire      8%         2d5       71%         4
 Hailstorm                Conj/Ice       8%         3d4       71%         4
 Ice Form                 Ice/Tmut       8%         N/A       71%         4
 Manifold Assault         Tloc           8%         N/A       96%         5
 Dispersal                Tloc           4%         N/A       100%        6
 Summon Cactus Giant      Summ           4%         N/A       100%        6
 Ozocubu's Refrigeration  Ice            4%         4d5       100%        7
 Storm Form               Tmut/Air       4%         N/A       100%        7
 Summon Hydra             Summ           4%         N/A       100%        7


Dungeon Overview and Level Annotations

Branches:
Dungeon (11/15)            Temple (1/1) D:6            Lair (5/6) D:11
 Shoals (0/4) Lair:2       Spider (0/4) Lair:3          Orc (0/2) D:10
  Sewer (visited)          Bailey (visited)
  Slime: Lair:5-6

Altars:
Ashenzari
Cheibriados
Dithmenos
Elyvilon
Fedhas
Gozag
Hepliaklqana
Kikubaaqudgha
Nemelex Xobeh
Okawaru
Qazlal
Ru
Sif Muna
Trog
Uskayaw
Vehumet
Wu Jian
Yredelemnul
Zin
The Shining One

Shops:
D:8 *   D:10 [

Annotations:
Lair:3 2 transporters, 3 runed translucent doors, spiderkeys's ghost, journeyman OgAK


Innate Abilities, Weirdness & Mutations

You have hoof-like feet.
You are partially covered in sharp spines.
You have an extremely huge brain. (Int +4)
Spells you cast may paralyse nearby enemies.


Message History

Unknown command.
The helpless wyvern fails to defend itself.
You impale the wyvern!! You drain the wyvern!
You kill the wyvern!
Kikubaaqudgha accepts your kill.
The dead are flying!
You block the komodo dragon's attack. The death yak is struck by your spines.
The death yak closely misses you. The basilisk gazes at you.
You resist with almost no effort. The death yak is struck by your spines.
The death yak gores you!
Your Necromancy skill increases to level 10!
Unknown command.
The komodo dragon attacks as you move away!
The komodo dragon bites you!
* * * LOW HITPOINT WARNING * * *
The death yak attacks as you move away! The death yak is struck by your spines.
The death yak gores you but does no damage.
The death yak attacks as you move away!
The death yak gores you but does no damage.
As you read the scroll of fear, it crumbles to dust.
You assume a fearsome visage.
The basilisk looks frightened!
The komodo dragon looks frightened!
The death yak resists with some effort.
The death yak resists with almost no effort.
Your wyvern zombie bites the death yak but does no damage.
The death yak gores you!
* * * LOW HITPOINT WARNING * * *
Unknown command.
Casting: Vampiric Draining (safe; 1% risk of failure)
Confirm with . or Enter, or press ? or * to list all spells.
Aiming: Vampiric Draining (safe; 1% risk of failure)
Press: ? - help, Shift-Dir - straight line, f - death yak, p - basilisk
Aim: a death yak (lightly wounded)
You draw life force from the death yak!
You feel life coursing into your body. Malevolent energies surge around you.
Your wyvern zombie barely misses the death yak.
The death yak gores you.
* * * LOW HITPOINT WARNING * * *
The death yak gores you!!
You die...
Kikubaaqudgha rasps: "You have failed me!
Welcome... death!"

#P.........###
##.........#.#
##...........#
##............#
#...<........##
#.............#
#.^..........P###
#.#..............#
#.#.......@Y.....###
#...........YZ......#
##...................
#..........#.l.....#
.............l......
..................#
..................
.....>...........
#.........#.....


You could see 2 death yaks, a komodo dragon (fleeing), a basilisk (fleeing) and
a friendly wyvern zombie.

Vanquished Creatures
  Gastronok (Lair:2)
  3 hydras
  Fannar (Lair:2)
  3 two-headed ogres
  A death yak (Lair:5)
  Lodul (D:11)
  An orc knight (Bailey)
  An ugly thing (D:11)
  A cyclops (D:7)
  7 elephants
  6 cane toads
  An orange demon (Lair:2)
  A gargoyle (D:11)
  2 unseen horrors (D:10)
  A kobold demonologist (D:9)
  3 rime drakes
  3 komodo dragons
  A polar bear (Lair:2)
  3 trolls (D:10)
  A hornet (D:9)
  7 blink frogs
  A snapping turtle (Lair:2)
  2 jumping spiders (Lair:3)
  2 culicivoras (Lair:3)
  A shadow (D:10)
  8 wyverns
  A vampire (D:10)
  26 yaks
  2 basilisks
  A redback (Lair:3)
  A steam dragon (D:10)
  A vampire mosquito (D:8)
  18 water moccasins
  2 acid dragons
  A black bear (D:3)
  12 orc warriors
  Pargi (Sewer)
  A sky beast (D:8)
  2 ice beasts
  6 ogres (D:11)
  8 wolves
  4 centaurs
  2 kobold brigands
  A phantom (D:5)
  A necrophage (D:5)
  8 bullfrogs
  A gnoll sergeant (D:7)
  2 scorpions
  12 wights
  17 killer bees
  5 howler monkeys (D:8)
  An electric eel (Lair:2)
  A lava snake (D:8)
  A gnoll shaman (D:7)
  2 orc priests (D:10)
  A hound (D:3)
  3 iguanas
  Natasha (thrice) (D:3)
  12 orc wizards
  3 hell rats (Lair:4)
  8 gnolls
  2 river rats (D:3)
  16 adders
  3 shadow imps
  2 white imps
  An ufetubus (D:5)
  4 worms
  2 dart slugs
  65 orcs
  8 ball pythons
  7 endoplasms
  6 giant cockroaches
  5 goblins
  6 hobgoblins
  4 quokkas
  8 bats
  4 frilled lizards (D:1)
  19 kobolds
  9 rats
405 creatures vanquished.

Vanquished Creatures (collateral kills)
  Amaemon (Lair:2)
  2 cyclopes (D:11)
  10 elephants
  2 cane toads
  2 rime drakes (Lair:4)
  A komodo dragon (Lair:4)
  A queen bee (Lair:2)
  8 blink frogs
  2 wyverns
  4 yaks
  2 basilisks (Lair:4)
  4 water moccasins
  An ogre (D:11)
  3 wolves
  3 bullfrogs
  4 killer bees (Lair:2)
  An electric eel (Lair:2)
  2 hell rats (Lair:4)
53 creatures vanquished.

Vanquished Creatures (others)
  An ugly thing zombie (D:11)
  A rime drake zombie (Lair:3)
  2 cyclops zombies (D:11)
  5 wyvern zombies (Lair:4)
  4 water moccasin zombies
  4 yak zombies (Lair:3)
  A polar bear zombie (Lair:2)
  A wolf zombie (Lair:1)
  3 bullfrog zombies
  A basilisk zombie (Lair:3)
  10 killer bee zombies
  2 ogre zombies (D:11)
  4 hell rat zombies (Lair:4)
  37 fungi
  43 plants
  5 withered plants (D:1)
124 creatures vanquished.

Grand Total: 582 creatures vanquished

Notes
Turn   | Place    | Note
-------+----------+-------------------------------------------
     0 | D:1      | siradein the Demonspawn Fighter began the quest for the
                  | Orb.
     0 | D:1      | Reached XP level 1. HP: 18/18 MP: 1/1
   374 | D:1      | Gained mutation: You have an unusually large brain. (Int
                  | +2) [demonic ancestry]
   374 | D:1      | Reached XP level 2. HP: 24/24 MP: 2/2
   633 | D:1      | Found a faded altar of an unknown god.
   966 | D:2      | Gained mutation: You have large cloven feet. [demonic
                  | ancestry]
   966 | D:2      | Reached XP level 3. HP: 12/29 MP: 3/3
  1827 | D:2      | Gained mutation: You are partially covered in sharp spines.
                  | [demonic ancestry]
  1827 | D:2      | Reached XP level 4. HP: 35/35 MP: 4/4
  2005 | D:3      | Noticed Natasha
  2014 | D:3      | Killed Natasha
  2142 | D:3      | Reached XP level 5. HP: 29/42 MP: 5/5
  2225 | D:3      | Found a glowing drain.
  2229 | Sewer    | Entered a sewer
  2398 | Sewer    | Noticed Pargi
  2408 | Sewer    | Killed Pargi
  2409 | Sewer    | Reached skill level 4 in Fighting
  2707 | D:3      | Gained mutation: Spells you cast may paralyse adjacent
                  | enemies. [demonic ancestry]
  2707 | D:3      | Reached XP level 6. HP: 48/48 MP: 6/6
  2981 | D:3      | Noticed Natasha
  3011 | D:3      | Killed Natasha
  3147 | D:3      | Noticed Natasha
  3153 | D:3      | Killed Natasha
  3205 | D:3      | Found a hazy altar of Hepliaklqana.
  3236 | D:3      | Found a radiant altar of Vehumet.
  3599 | D:4      | Learned a level 2 spell: Passwall
  3798 | D:4      | Reached XP level 7. HP: 52/55 MP: 7/7
  4124 | D:4      | Found a sacrificial altar of Ru.
  4519 | D:5      | Entered Level 5 of the Dungeon
  4590 | D:5      | Noticed a yak
  4631 | D:4      | Reached skill level 5 in Fighting
  4753 | D:5      | Killed a yak
  5108 | D:5      | Noticed a yak
  5111 | D:5      | Noticed a yak
  5134 | D:4      | Killed a yak
  5135 | D:4      | Reached skill level 5 in Armour
  5135 | D:4      | Reached skill level 5 in Shields
  5135 | D:4      | Gained mutation: You have an extremely huge brain. (Int +4)
                  | [demonic ancestry]
  5135 | D:4      | Reached XP level 8. HP: 50/63 MP: 8/8
  5326 | D:4      | Reached skill level 6 in Fighting
  5326 | D:4      | Reached skill level 5 in Maces & Flails
  6654 | D:6      | Reached XP level 9. HP: 65/71 MP: 9/9
  6873 | D:6      | Found a staircase to the Ecumenical Temple.
  6885 | Temple   | Entered the Ecumenical Temple
  7012 | Temple   | Became a worshipper of Kikubaaqudgha
  7151 | D:6      | Found a shadowy altar of Dithmenos.
  7663 | D:7      | Reached skill level 1 in Necromancy
  7854 | D:7      | Reached skill level 7 in Fighting
  8433 | D:7      | Noticed a cyclops
  8868 | D:7      | Found a blossoming altar of Fedhas.
  8884 | D:7      | Found an iron altar of Okawaru.
  8990 | D:7      | Killed a cyclops
  9291 | D:7      | Reached * piety under Kikubaaqudgha
  9291 | D:7      | Received a gift from Kikubaaqudgha
  9312 | D:7      | Learned a level 3 spell: Vampiric Draining
  9913 | D:7      | Paralysed by a kobold for 3 turns
 10021 | D:8      | Gained mutation: You have hoof-like feet. [demonic
                  | ancestry]
 10021 | D:8      | Reached XP level 10. HP: 79/79 MP: 10/10
 10561 | D:8      | Reached skill level 8 in Fighting
 10650 | D:8      | Found a hide-covered altar of Uskayaw.
 11234 | D:8      | Found Xutwicwi's Demolitions Depot.
 11282 | D:8      | Reached skill level 1 in Spellcasting
 11282 | D:8      | Reached skill level 5 in Necromancy
 11287 | D:8      | Learned a level 4 spell: Animate Dead
 11540 | D:9      | Paralysed by a hornet for 2 turns
 11543 | D:9      | Reached ** piety under Kikubaaqudgha
 12412 | D:9      | Reached XP level 11. HP: 52/87 MP: 2/14
 12977 | D:9      | Found a shimmering blue altar of Sif Muna.
 13076 | D:10     | Entered Level 10 of the Dungeon
 13137 | D:10     | Found a flagged portal.
 13147 | Bailey   | Entered a bailey
 13464 | Bailey   | Noticed an orc knight
 13774 | Bailey   | Identified the +0 cloak of Privacy {Rampage rC+++ Dex-3
                  | Stlth+}
 14017 | Bailey   | Killed an orc knight
 14100 | D:10     | Found Buitzug's Antique Armour Boutique.
 14389 | D:10     | Found a staircase to the Orcish Mines.
 14540 | D:10     | Reached skill level 9 in Fighting
 14544 | D:10     | Reached *** piety under Kikubaaqudgha
 14544 | D:10     | Received a gift from Kikubaaqudgha
 14550 | D:10     | Learned a level 4 spell: Dispel Undead
 14765 | D:10     | Found a broken altar of Ashenzari.
 14791 | D:10     | Noticed a two-headed ogre
 14832 | D:10     | Killed a two-headed ogre
 15292 | D:10     | Found an opulent altar of Gozag.
 15661 | D:11     | Noticed Lodul
 16002 | D:11     | Found a staircase to the Lair.
 16029 | D:11     | Noticed a green ugly thing
 16078 | D:11     | Killed a green ugly thing
 16091 | D:11     | Noticed a two-headed ogre
 16147 | D:11     | Killed a two-headed ogre
 16446 | D:11     | Killed Lodul
 16447 | D:11     | Reached XP level 12. HP: 34/96 MP: 1/18
 16668 | D:11     | Noticed a two-headed ogre
 16679 | D:11     | Killed a two-headed ogre
 16793 | Lair:1   | Entered Level 1 of the Lair of Beasts
 16895 | Lair:1   | Learned a level 5 spell: Borgnjor's Vile Clutch
 17139 | Lair:1   | Reached skill level 5 in Spellcasting
 17335 | Lair:1   | Reached skill level 10 in Fighting
 17563 | Lair:2   | Reached **** piety under Kikubaaqudgha
 17721 | Lair:2   | Noticed Fannar
 17738 | Lair:2   | Noticed a four-headed hydra
 17739 | Lair:2   | Killed Fannar
 17749 | Lair:2   | Killed a four-headed hydra
 17840 | Lair:2   | You fall into a shaft and drop 2 floors!
 17840 | Lair:4   | Noticed an eight-headed hydra
 17869 | Lair:4   | Killed an eight-headed hydra
 17978 | Lair:3   | Found a transporter.
 18113 | Lair:3   | Gained mutation: Spells you cast may paralyse nearby
                  | enemies. [demonic ancestry]
 18113 | Lair:3   | Reached XP level 13. HP: 98/104 MP: 21/21
 18226 | Lair:2   | Noticed Gastronok
 18246 | Lair:2   | Killed Gastronok
 18266 | Lair:2   | Learned a level 6 spell: Simulacrum
 19028 | Lair:2   | Found a staircase to the Shoals.
 19300 | Lair:2   | Noticed Amaemon
 19309 | Lair:2   | Killed Amaemon
 19849 | Lair:3   | Reached ***** piety under Kikubaaqudgha
 19905 | Lair:3   | Found a hole to the Spider Nest.
 20124 | Lair:3   | Reached skill level 10 in Armour
 20136 | Lair:3   | Reached skill level 11 in Fighting
 20151 | Lair:3   | Found a transporter.
 20158 | Lair:3   | Found a runed translucent gate.
 20159 | Lair:3   | Found a runed translucent gate.
 20160 | Lair:3   | Found a runed translucent gate.
 20187 | Lair:3   | Noticed spiderkeys's ghost (journeyman OgAK)
 20439 | Lair:4   | Reached skill level 10 in Shields
 20702 | Lair:4   | Identified a scroll of acquirement
 20724 | Lair:4   | Reached skill level 10 in Maces & Flails
 21115 | Lair:4   | Acquired the +6 eveningstar "Lifebane" {drain, Will+}
 21159 | Lair:5   | Reached skill level 10 in Necromancy
 21161 | Lair:5   | Slain by a death yak

Illustrated notes

Levels and vault maps discovered:
D:1:      scummos_arrival_simple_crosswalls, layout_loops_ring,
          ebering_ecumenical_altar_petrified, minmay_misc_feat_chi,
          minmay_ruptured
D:2:      layout_rooms
D:3:      layout_basic, mainiacjoe_overflow_swirl, gup_sewer_entry_spiral,
          uniq_natasha
D:4:      layout_cave_pods, lemuel_doored_altar
D:5:      kennysheep_big_flooded_room, layout_basic
D:6:      layout_cave_pools, grunt_dithmenos_shadows,
          minmay_temple_entry_large_hall
D:7:      layout_layer_cave, mainiacjoe_overflow_catwalk_spiral, grunt_potential
D:8:      layout_loops_ring, nicolae_uskayaw_murder_on_the_dancefloor,
          kennysheep_minor_cross, nicolae_blasting_shop, minivault_24,
          hex_medium
D:9:      layout_loops_ring, kennysheep_orc_sif_temple,
          minmay_fractal_squares_gapless_7
D:10:     layout_roguey, pdpol_temple_overflow_zin_treasury_gozag_greed,
          kennysheep_little_box, david_orc_3, enter_bailey_6,
          kennysheep_small_square
D:11:     layout_rooms, lair_entry_dummy, uniq_lodul
Temple:   grunt_temple_mini_profane
Lair:1:   layout_gridlike
Lair:2:   layout_small_grid, minmay_shoals_entry_hut, special_room
          [special_room_bee], uniq_gastronok, uniq_fannar, uniq_amaemon
Lair:3:   gammafunk_cloud_chamber, layout_chaotic_city,
          nicolae_spider_entry_tight_spaces, ebering_ghost_rock_garden
Lair:4:   layout_misc_corridors, special_room [special_room_mythical_zoo]
Lair:5:   layout_hall_layers, enter_volcano_2,
          gammafunk_ghost_berserking_beasts, cheibrodos_lair_reptile_den

Skill      XL: |  1  2  3  4  5  6  7  8  9 10 11 12 13 |
---------------+----------------------------------------+-----
Maces & Flails | 2 3 4 5 6 7 8 9 10 | 10.0
Armour         | 3 4 5 6 7 8 9 10 | 10.3
Shields        | 3 4 5 6 7 8 9 10 | 10.3
Fighting       | 4 5 6 7 8 9 10 11 | 11.3
Necromancy     | 3 5 7 8 10 | 10.0
Spellcasting   | 2 4 5 7 |  7.2

Action                   |  1- 3 |  4- 6 |  7- 9 | 10-12 | 13-15 || total
-------------------------+-------+-------+-------+-------+-------++-------
Melee: Flail             |   122 |   128 |    47 |       |       ||   297
       Kick              |     8 |    31 |    89 |   167 |    62 ||   357
       Mace              |       |       |   129 |       |       ||   129
       Morningstar       |       |       |   132 |   467 |   100 ||   699
       Demon whip        |       |       |       |       |    44 ||    44
       Eveningstar       |       |       |       |       |     4 ||     4
Throw: Dart              |       |     5 |     8 |     8 |       ||    21
 Cast: Vampiric Draining |       |       |       |    94 |    63 ||   157
       Animate Dead      |       |       |       |    11 |     8 ||    19
       Dispel Undead     |       |       |       |     1 |       ||     1
Evoke: Phantom mirror    |       |       |       |     1 |       ||     1
  Use: Scroll            |       |       |    13 |    14 |     8 ||    35
       Potion            |       |       |     3 |       |       ||     3
 Stab: Invisible         |       |       |     1 |       |       ||     1
       Paralysed         |       |       |       |    43 |    24 ||    67
       Sleeping          |       |       |       |     3 |     1 ||     4
       Distracted        |       |       |       |       |     4 ||     4
Armor: Scale mail        |    73 |    64 |    96 |       |       ||   233
       Acid dragon scale |       |       |    13 |    28 |       ||    41
       Ring mail         |       |       |     5 |       |       ||     5
       Robe              |       |       |       |    50 |       ||    50
       Troll leather arm |       |       |       |   198 |   117 ||   315
Dodge: Dodged            |    50 |    44 |   130 |   258 |    86 ||   568
Block: Buckler           |    36 |    43 |    89 |   159 |    76 ||   403

Table legend: (Time is in decaauts)
 A = Elapsed time spent in this place.
 B = Non-inter-level travel time spent in this place.
 C = Inter-level travel time spent in this place.
 D = Time resting spent in this place.
 E = Time spent auto-exploring this place.
 F = Levels seen in this place.
 G = Mean time per level.
                   A        B        C        D        E       F      G
               +--------+--------+--------+--------+--------+-----+--------+
         Total |  21663 |  20900 |    763 |   2898 |  13207 |  19 | 1140.2 |
       Dungeon |  15736 |  15195 |    541 |   2629 |   9190 |  11 | 1430.5 |
        Temple |    187 |    187 |      0 |      0 |    121 |   1 |  187.0 |
          Lair |   4388 |   4166 |    222 |    120 |   3121 |   5 |  877.6 |
         Sewer |    403 |    403 |      0 |     86 |    179 |   1 |  403.0 |
        Bailey |    946 |    946 |      0 |     63 |    596 |   1 |  946.0 |
               +--------+--------+--------+--------+--------+-----+--------+

Top non-repeatable levels by time:
     D:7: 2862 daAuts
    D:10: 1683 daAuts
     D:4: 1620 daAuts
  Lair:2: 1589 daAuts
     D:8: 1559 daAuts
     D:5: 1423 daAuts
     D:9: 1326 daAuts
     D:3: 1227 daAuts
    D:11: 1182 daAuts
     D:1: 1158 daAuts
  Lair:3: 1020 daAuts
  Bailey: 946 daAuts
  Lair:4: 918 daAuts
     D:6: 901 daAuts
  Lair:1: 834 daAuts
